cohdb
Replays
Latest Replays
All Replays
Popular Replays
Top Player Replays
Match Explorer
How It Works
Community
CoH3 Stats
Reddit
Sign in to upload your games and track your stats! →
Sign in with Steam
Match 45649608
Unlisted
Match 45649608
Overview
Messages
Build Orders
End
Construct Infanterie Kompanie
Pioneer Squad
Grenadier Squad
Grenadier Squad
MG 42 Machine Gun Team
Construct Panzergrenadier Kompanie
Construct Luftwaffe Kompanie
221 Scout Car
Jäger Squad
Jäger Squad
Flak 30 Anti-aircraft Gun Team
Medical Station
Jäger Squad
Construct Panzer Kompanie
Sturmpanzer IV Brummbär
MG 42 Bunker
Luftwaffe Officer Quarters
Side Skirts
Selects Terror Battlegroup
Selects Machine Gun Camouflage
Selects No Quarter
Support Elements
Grenadier Squad
Marder III M Tank Destroyer
Selects King Tiger Heavy Tank
Selects Contempt for the Weak
Stoßtruppen Squad
MG 42 Machine Gun Team
Selects Propaganda Leaflet Drop
Selects V1 Rocket Strike
ssume
Max1boy
0
0
Comments
sign in to comment!
No comments posted yet!